 Dungeon Crawl Stone Soup version 0.29-a0-330-g52719c12eb (webtiles) character file.

Game seed: 629189670011550538

9830 lorenzova the Thaumaturge (level 11, 0/54 HPs)
             Began as a Deep Elf Conjurer on May 22, 2022.
             Was a Priest of Vehumet.
             Killed from afar by a manticore (9 damage)
             ... with a volley of spikes
             ... on level 12 of the Dungeon.
             The game lasted 00:33:39 (17007 turns).

lorenzova the Thaumaturge (Deep Elf Conjurer)      Turns: 17007, Time: 00:33:40

Health: 0/54       AC:  4    Str:  9    XL:     11   Next: 28%
Magic:  11/29      EV: 12    Int: 34    God:    Vehumet [***...]
Gold:   680        SH:  0    Dex: 13    Spells: 21/35 levels left

rFire   . . .      SeeInvis .   w - +1 dagger (venom)
rCold   . . .      Faith    .   (no shield)
rNeg    . . .      Spirit   .   z - +1 robe of the Villain {Str+3}
rPois   .          Reflect  .   E - +0 helmet of Narcissism {Str-4 Int+6}
rElec   .          Harm     .   (no cloak)
rCorr   .          Rampage  .   (no gloves)
Will    ++...                   (no boots)
Stlth   ++........              (no amulet)
HPRegen 0.18/turn               c - +6 ring of strength
MPRegen 0.21/turn               g - ring of willpower

@: spiked
A: no striking features
a: Renounce Religion


You were on level 12 of the Dungeon.
You worshipped Vehumet.
Vehumet was most pleased with you.
You visited 2 branches of the dungeon, and saw 13 of its levels.
You also visited: Ossuary.

You collected 680 gold pieces.

Inventory:

Hand Weapons
 w - a +1 dagger of venom (weapon)
Missiles
 i - 2 throwing nets
Armour
 z - the +1 robe of the Villain (worn) {Str+3}
   (You found it on level 6 of the Dungeon)

   Str:       It affects your strength (+3).
 E - the +0 helmet of Narcissism (worn) {Str-4 Int+6}
   (You found it on level 6 of the Dungeon)

   Str:       It affects your strength (-4).
   Int:       It affects your intelligence (+6).
 K - +0 steam dragon scales
 L - a +3 leather armour
Jewellery
 c - a +6 ring of strength (left hand)
 f - a ring of see invisible
 g - a ring of willpower (right hand)
 h - an amulet of faith
 F - a ring of ice
 I - an amulet of guardian spirit
 N - a ring of protection from cold
Wands
 a - a wand of flame (5)
 q - a wand of acid (11)
 B - a wand of paralysis (9)
Scrolls
 k - a scroll of vulnerability
 m - 2 scrolls of silence
 o - 3 scrolls of fear
 r - a scroll of fog {unknown}
 s - 7 scrolls of teleportation
 t - a scroll of enchant weapon {unknown}
 x - a scroll of noise {unknown}
 y - a scroll of holy word {unknown}
 H - a scroll of identify
 M - 2 scrolls of torment {unknown}
Potions
 b - 2 potions of magic
 d - 5 potions of flight
 e - 3 potions of lignification
 j - 2 potions of ambrosia
 l - 3 potions of heal wounds
 p - 4 potions of might
 u - a potion of brilliance
 v - a potion of resistance {unknown}
 A - 3 potions of cancellation
 C - 2 potions of curing
 D - 2 potions of degeneration {unknown}
 G - 2 potions of attraction {unknown}
 J - a potion of mutation {unknown}


   Skills:
 - Level 2.4 Dodging
 - Level 2.4 Stealth
 * Level 12.5 Spellcasting
 * Level 11.7 Conjurations
 + Level 6.0 Hexes
 + Level 5.0 Translocations
 * Level 10.1 Fire Magic


You had 21 spell levels left.
You knew the following spells:

 Your Spells              Type           Power      Damage    Failure   Level
a - Magic Dart            Conj           100%       1d8       0%          1
b - Searing Ray           Conj           100%       2d8       1%          2
c - Iskenderun's Mystic   Conj/Tloc      68%        2d14      1%          4
d - Fulminant Prism       Conj/Hex       34%        3d16      1%          4
x - Conjure Flame         Conj/Fire      77%        6-21      1%          3

Your spell library contained the following spells:

 Spells                   Type           Power      Damage    Failure   Level
 Ignite Poison            Fire/Tmut/Pois 44%        N/A       1%          3
 Foxfire                  Conj/Fire      100%       2x1d9     0%          1
 Animate Skeleton         Necr           42%        N/A       1%          1
 Pain                     Necr           84%        1d8       1%          1
 Ensorcelled Hibernation  Hex/Ice        82%        N/A       1%          2
 Poisonous Vapours        Pois/Air       42%        N/A       1%          2
 Dazzling Flash           Conj/Hex       100%       N/A       1%          3
 Inner Flame              Hex/Fire       66%        N/A       1%          3
 Mephitic Cloud           Conj/Pois/Air  47%        N/A       1%          3
 Summon Guardian Golem    Hex/Summ       41%        N/A       1%          3
 Tukima's Dance           Hex            58%        N/A       1%          3
 Flame Wave               Conj/Fire      77%        2d14      1%          4
 Starburst                Conj/Fire      38%        6d11      1%          6
 Passage of Golubria      Tloc           53%        N/A       2%          4
 Call Imp                 Summ           21%        N/A       3%          2
 Corpse Rot               Necr/Air       42%        N/A       3%          2
 Yara's Violent Unravell  Hex/Tmut       20%        3d9       4%          5
 Spider Form              Tmut/Pois      21%        N/A       6%          3
 Vampiric Draining        Necr           21%        2d7       6%          3
 Anguish                  Hex/Necr       20%        N/A       6%          4
 Summon Mana Viper        Hex/Summ       41%        N/A       17%         5
 Summon Hydra             Summ           10%        N/A       100%        7


Dungeon Overview and Level Annotations

Branches:
Dungeon (12/15)            Temple (1/1) D:4            Lair (0/6) D:10
    Orc (0/2) D:10        Ossuary (visited)

Altars:
Ashenzari
Cheibriados
Dithmenos
Elyvilon
Fedhas
Gozag
Hepliaklqana
Kikubaaqudgha
Makhleb
Nemelex Xobeh
Okawaru
Qazlal
Ru
Sif Muna
Trog
Uskayaw
Vehumet
Wu Jian
Xom
Yredelemnul
Zin
The Shining One

Shops:
D:4 *

Annotations:
D:6 3 runed translucent doors, kae's ghost, amateur DrTm
D:10 exclusion: orange crystal statue
D:11 Snorg


Message History

The manticore flicks its tail.
The volley of spikes hits you!
The barbed spikes become lodged in your body.
The fire ignites!
Casting: Conjure Flame (safe; 1% risk of failure)
Confirm with . or Enter, or press ? or * to list all spells.
You can't see any susceptible monsters within range! (Use Z to cast anyway.)
A manticore is nearby!
Unknown command.
Casting: Conjure Flame (safe; 1% risk of failure)
Confirm with . or Enter, or press ? or * to list all spells.
Aiming: Magic Dart (safe; 0% risk of failure)
Press: ? - help, Shift-Dir - straight line, f - manticore
Aim: a manticore (heavily wounded, 100% to hit)
The magic dart hits the manticore.
The manticore is heavily wounded.
Unknown command.
Casting: Magic Dart (safe; 0% risk of failure)
Confirm with . or Enter, or press ? or * to list all spells.
Aiming: Magic Dart (safe; 0% risk of failure)
Press: ? - help, Shift-Dir - straight line, f/p - manticore
Aim: a manticore (heavily wounded, 100% to hit)
The magic dart hits the manticore.
The manticore is severely wounded.
The manticore flicks its tail.
The volley of spikes hits you!!
The barbed spikes become lodged in your body.
* * * LOW HITPOINT WARNING * * *
Casting: Magic Dart (safe; 0% risk of failure)
Confirm with . or Enter, or press ? or * to list all spells.
Aiming: Searing Ray (safe; 1% risk of failure)
Press: ? - help, Shift-Dir - straight line, f/p - manticore
Aim: a manticore (severely wounded, 90% to hit)
The searing ray hits the manticore.
The manticore is severely wounded. (Press . to maintain the ray.)
The manticore flicks its tail.
The volley of spikes hits you!
The barbed spikes become lodged in your body.
You die...

#.....#.# #
#..#....#
#≈≈≈##.####.#.####
≈≈≈≈≈.........#
≈≈≈≈≈≈......#.#
≈≈≈≈≈≈......#.#
≈≈≈≈≈≈.####.#.#
≈≈≈≈≈....##.#.#
≈≈≈≈≈....##@#.#
≈≈≈≈≈....##§#†#
S≈≈≈≈....##.#.#
≈≈≈≈≈.........#
≈≈≈≈##+####H###
#≈≈ # #.# ## ##≈
#.# #≈≈≈ #.# ≈≈≈≈≈
#.#


You could see a manticore.

Vanquished Creatures
  A two-headed ogre (D:8)
  3 komodo dragons
  2 hornets
  A wraith (D:7)
  A shadow (D:10)
  15 yaks
  2 steam dragons
  A water moccasin (D:6)
  2 ice beasts
  2 orc warriors (D:10)
  4 black bears
  2 sky beasts
  3 ogres
  8 centaurs
  A phantom (D:6)
  2 gnoll sergeants
  5 kobold brigands
  2 bullfrogs
  2 elf zombies
  3 necrophages
  5 scorpions
  17 wights
  A killer bee (D:7)
  7 howler monkeys
  3 centaur zombies (Ossuary)
  2 orc priests
  3 hounds
  2 human zombies (D:5)
  A gnoll shaman (D:7)
  2 jellies (D:7)
  Terence (D:2)
  3 iguanas
  Natasha (thrice) (D:2)
  7 orc wizards
  A hound zombie (Ossuary)
  3 mummies (Ossuary)
  Robin (D:2)
  8 adders
  8 gnolls
  2 shadow imps
  A white imp (D:6)
  5 adder zombies (Ossuary)
  3 dart slugs
  25 orcs
  5 endoplasms
  2 giant cockroaches
  16 goblins
  9 hobgoblins
  15 jackals
  A quokka (D:5)
  5 ball pythons
  7 bats
  2 frilled lizards (D:2)
  3 goblin zombies (Ossuary)
  5 hobgoblin zombies (Ossuary)
  4 jackal zombies (Ossuary)
  32 kobolds
  2 orc skeletons (D:5)
  5 orc zombies
  2 quokka zombies (Ossuary)
  3 rats
  3 rat zombies (Ossuary)
297 creatures vanquished.

Vanquished Creatures (others)
  27 fulminant prisms
  11 fungi (D:10)
  8 plants (D:10)
46 creatures vanquished.

Grand Total: 343 creatures vanquished

Notes
Turn   | Place    | Note
-------+----------+-------------------------------------------
     0 | D:1      | lorenzova the Deep Elf Conjurer began the quest for the
                  | Orb.
     0 | D:1      | Reached XP level 1. HP: 10/10 MP: 6/6
   119 | D:1      | Found a faded altar of an unknown god.
   307 | D:1      | Reached XP level 2. HP: 15/15 MP: 6/8
   328 | D:1      | Learned a level 2 spell: Searing Ray
   502 | D:1      | Reached skill level 5 in Conjurations
   926 | D:2      | Reached XP level 3. HP: 15/19 MP: 5/9
  1191 | D:2      | Noticed Robin
  1191 | D:2      | Noticed Terence
  1568 | D:2      | Killed Robin
  1569 | D:2      | Reached XP level 4. HP: 24/24 MP: 2/11
  1746 | D:1      | Learned a level 3 spell: Conjure Flame
  2444 | D:2      | Noticed Natasha
  2460 | D:2      | Killed Natasha
  2461 | D:2      | Reached skill level 4 in Spellcasting
  2461 | D:2      | Reached skill level 1 in Fire Magic
  2853 | D:2      | Noticed Natasha
  2855 | D:2      | Killed Natasha
  2856 | D:2      | Reached XP level 5. HP: 28/28 MP: 9/13
  2946 | D:2      | Noticed Natasha
  2950 | D:2      | Killed Natasha
  4080 | D:3      | Noticed an ogre
  4116 | D:3      | Killed an ogre
  4117 | D:3      | Reached skill level 5 in Spellcasting
  4117 | D:3      | Reached XP level 6. HP: 32/32 MP: 7/15
  4550 | D:2      | Killed Terence
  4986 | D:4      | Found Fineaxt's Assorted Antiques.
  5157 | D:4      | Found a staircase to the Ecumenical Temple.
  5163 | Temple   | Entered the Ecumenical Temple
  6125 | D:4      | Reached skill level 6 in Spellcasting
  6125 | D:4      | Reached XP level 7. HP: 36/36 MP: 3/18
  6293 | D:5      | Entered Level 5 of the Dungeon
  6397 | D:5      | Found a sand-covered staircase.
  6673 | Ossuary  | Entered an ossuary
  7445 | Ossuary  | Reached skill level 7 in Spellcasting
  8094 | D:5      | Reached skill level 5 in Fire Magic
  8165 | D:5      | Got the Handbook of Calling
  8210 | D:5      | Reached XP level 8. HP: 41/41 MP: 15/20
  9223 | D:5      | Found a sacrificial altar of Ru.
  9293 | D:6      | Identified the +1 robe of the Villain {Str+3}
  9420 | D:6      | Found a runed translucent gate.
  9420 | D:6      | Found a runed translucent gate.
  9420 | D:6      | Found a runed translucent gate.
  9427 | D:6      | Noticed kae's ghost (amateur DrTm)
  9437 | D:6      | Identified the +0 helmet of Narcissism {Str-4 Int+6}
  9781 | D:5      | Reached skill level 8 in Spellcasting
 10186 | D:6      | Found a stormy altar of Qazlal.
 10284 | D:6      | Found a radiant altar of Vehumet.
 10314 | D:6      | Became a worshipper of Vehumet
 10850 | D:6      | Reached skill level 9 in Spellcasting
 10954 | D:6      | Reached XP level 9. HP: 32/45 MP: 11/24
 11093 | D:6      | Learned a level 4 spell: Fulminant Prism
 11098 | D:6      | Learned a level 4 spell: Iskenderun's Mystic Blast
 11135 | D:7      | Found a shimmering blue altar of Sif Muna.
 11327 | D:7      | Reached skill level 1 in Hexes
 11451 | D:7      | Reached skill level 1 in Translocations
 12432 | D:7      | Reached skill level 10 in Spellcasting
 12547 | D:7      | Reached * piety under Vehumet
 12547 | D:7      | Offered knowledge of Sandblast by Vehumet.
 12619 | D:7      | Reached skill level 10 in Conjurations
 13396 | D:8      | Reached XP level 10. HP: 43/49 MP: 12/26
 13532 | D:8      | Noticed a two-headed ogre
 13732 | D:8      | Killed a two-headed ogre
 13733 | D:8      | Reached skill level 11 in Spellcasting
 14121 | D:8      | Reached ** piety under Vehumet
 14206 | D:8      | Offered knowledge of Scorch by Vehumet.
 15081 | D:9      | Offered knowledge of Frozen Ramparts by Vehumet.
 15251 | D:9      | Reached skill level 5 in Hexes
 15263 | D:9      | Reached skill level 12 in Spellcasting
 15266 | D:9      | Reached *** piety under Vehumet
 15685 | D:10     | Entered Level 10 of the Dungeon
 15811 | D:10     | Reached XP level 11. HP: 54/54 MP: 19/29
 15963 | D:10     | Found a staircase to the Lair.
 16253 | D:10     | Found a staircase to the Orcish Mines.
 16297 | D:10     | Offered knowledge of Ignite Poison by Vehumet.
 16303 | D:10     | Noticed an orange crystal statue
 16306 | D:10     | Noticed a two-headed ogre
 16625 | D:11     | Reached skill level 10 in Fire Magic
 16806 | D:11     | Noticed a brown ugly thing
 16838 | D:11     | Noticed Snorg
 16838 | D:11     | Noticed a five-headed hydra
 16892 | D:12     | Reached skill level 5 in Translocations
 17007 | D:12     | Killed from afar by a manticore

Illustrated notes

Levels and vault maps discovered:
D:1:      shiori_arrival_maze, layout_loops_ring,
          dreamdust_ecumenical_altar_statues, minmay_heptomino_h4
D:2:      layout_loops_ring, st_stairs_4, guppyfry_early_orc_mine, uniq_robin,
          uniq_terence, uniq_natasha
D:3:      layout_loops_corners, serial_aquarium, aquarium_bridge_square
          [aquarium_subvault_window, aquarium_subvault_window,
          aquarium_subvault_bridge, aquarium_subvault_window],
          aquarium_window_fake, aquarium_window_corner, aquarium_view_2b,
          aquarium_view_2e, aquarium_pool_2
D:4:      layout_loops_ring, minmay_temple_entry_tees, serial_shops,
          kennysheep_mini
D:5:      layout_basic, nicolae_ru_path_of_blood,
          nicolae_ossuary_entry_catacombs
D:6:      layout_basic, jmf_multi_god_temple, ebering_ghost_rock_garden
D:7:      layout_loops_ring, mainiacjoe_overflow_tiny_flanked,
          minmay_misc_feat_room, nzn_random_ring
D:8:      layout_cave_pools
D:9:      layout_rooms
D:10:     layout_long_grid, grunt_lair_entry_orc_guard_hut, minivault_16
D:11:     layout_irregular_city, minmay_microvault, uniq_snorg
D:12:     layout_basic, hangedman_decor_opposing
Temple:   dpeg_five_rooms_temple

Skill      XL: |  1  2  3  4  5  6  7  8  9 10 11 |
---------------+----------------------------------+-----
Conjurations   | 5 6 7 8 9 10 11 | 11.7
Spellcasting   | 4 5 6 7 9 10 12 | 12.5
Fire Magic     | 1 2 3 5 6 8 9 10 | 10.1
Hexes          | 3 5 6 |  6.0
Translocations | 2 4 5 |  5.0
Dodging        | |  2.4
Stealth        | |  2.4

Action                   |  1- 3 |  4- 6 |  7- 9 | 10-12 || total
-------------------------+-------+-------+-------+-------++-------
Melee: Unarmed           |       |     1 |     1 |       ||     2
 Cast: Magic Dart        |    43 |   102 |   199 |   109 ||   453
       Searing Ray       |     5 |    18 |    70 |    27 ||   120
       Conjure Flame     |       |     5 |    33 |    10 ||    48
       Iskenderun's Myst |       |       |     6 |    30 ||    36
       Fulminant Prism   |       |       |     6 |    21 ||    27
  Use: Scroll            |       |     4 |    11 |     5 ||    20
       Potion            |       |       |       |     2 ||     2
Armor: Robe              |     3 |     1 |    10 |     8 ||    22
Dodge: Dodged            |    17 |     3 |    44 |    20 ||    84

Table legend: (Time is in decaauts)
 A = Elapsed time spent in this place.
 B = Non-inter-level travel time spent in this place.
 C = Inter-level travel time spent in this place.
 D = Time resting spent in this place.
 E = Time spent auto-exploring this place.
 F = Levels seen in this place.
 G = Mean time per level.
                   A        B        C        D        E       F      G
               +--------+--------+--------+--------+--------+-----+--------+
         Total |  17022 |  16288 |    734 |   8798 |   4827 |  14 | 1215.9 |
       Dungeon |  15512 |  14826 |    686 |   7901 |   4600 |  12 | 1292.7 |
        Temple |    260 |    212 |     48 |      0 |    201 |   1 |  260.0 |
       Ossuary |   1248 |   1248 |      0 |    897 |     26 |   1 | 1248.0 |
               +--------+--------+--------+--------+--------+-----+--------+

Top non-repeatable levels by time:
     D:7: 2532 daAuts
     D:2: 2458 daAuts
     D:5: 1872 daAuts
     D:3: 1527 daAuts
     D:6: 1360 daAuts
     D:4: 1346 daAuts
 Ossuary: 1248 daAuts
     D:9: 1242 daAuts
     D:1: 1055 daAuts
     D:8: 794 daAuts
    D:10: 640 daAuts
    D:11: 528 daAuts
  Temple: 260 daAuts
    D:12: 151 daAuts
